 Dungeon Crawl Stone Soup version 0.28.0-53-g5a82cb258f (webtiles) character file.

Game seed: 13432125762451268456

61 hawla the Firebug (level 3, -3/19 HPs)
             Began as a Deep Elf Fire Elementalist on July 28, 2022.
             Killed from afar by Sigmund (9 damage)
             ... with a magic dart
             ... on level 2 of the Dungeon.
             The game lasted 00:03:22 (1615 turns).

hawla the Firebug (Deep Elf Fire Elementalist)      Turns: 1615, Time: 00:03:22

Health: -3/19      AC:  3    Str:  7    XL:     3   Next: 83%
Magic:  1/10       EV: 13    Int: 19    God:
Gold:   54         SH:  0    Dex: 15    Spells: 6/9 levels left

rFire   . . .      SeeInvis .   (no weapon)
rCold   . . .      Faith    .   (no shield)
rNeg    . . .      Spirit   .   a - +0 robe
rPois   .          Reflect  .   (no helmet)
rElec   .          Harm     .   (no cloak)
rCorr   .          Rampage  .   (no gloves)
Will    .....                   e - +0 pair of boots
Stlth   ++........              (no amulet)
HPRegen 0.06/turn               (no ring)
MPRegen 0.12/turn               (no ring)

@: no status effects
A: no striking features
a: no special abilities


You were on level 2 of the Dungeon.
You visited 1 branch of the dungeon, and saw 2 of its levels.

You collected 54 gold pieces.

Inventory:

Missiles
 f - 3 boomerangs (quivered)
Armour
 a - a +0 robe (worn)
 e - a +0 pair of boots (worn)
Scrolls
 b - 2 scrolls of fear {unknown}
 c - a scroll of teleportation {unknown}
 g - a scroll of torment {unknown}
Potions
 d - a potion of brilliance
 h - a potion of heal wounds {unknown}


   Skills:
 + Level 0.1 Fighting
 + Level 2.8 Dodging
 + Level 3.2 Stealth
 + Level 3.8 Spellcasting
 + Level 1.4 Conjurations
 + Level 4.1 Fire Magic


You had 6 spell levels left.
You knew the following spells:

 Your Spells              Type           Power      Damage    Failure   Level
a - Foxfire               Conj/Fire      56%        2x1d6     4%          1
b - Scorch                Fire           38%        2d6       3%          2

Your spell library contained the following spells:

 Spells                   Type           Power      Damage    Failure   Level
 Conjure Flame            Conj/Fire      14%        6-21      13%         3
 Inner Flame              Hex/Fire       11%        N/A       19%         3
 Flame Wave               Conj/Fire      14%        2d6       41%         4


Dungeon Overview and Level Annotations

Branches:
Dungeon (2/15)

Altars:

Annotations:
D:2 Sigmund


Message History

The goblin shouts!
The adder hisses angrily.
Casting: Foxfire (safe; 4% risk of failure)
Confirm with . or Enter, or press ? or * to list all spells.
You conjure some foxfire!
Sigmund casts a spell.
Sigmund flickers and vanishes!
Deactivating autopickup; reactivate with Ctrl-A.
Casting: Foxfire (safe; 4% risk of failure)
Confirm with . or Enter, or press ? or * to list all spells.
Flames lash the endoplasm.
You kill the endoplasm!
The foxfire hits the adder.
The adder is lightly wounded.
The foxfire hits the adder.
The adder is heavily wounded.
Casting: Scorch (safe; 3% risk of failure)
Confirm with . or Enter, or press ? or * to list all spells.
You don't know that spell.
Casting: Scorch (safe; 3% risk of failure)
Confirm with . or Enter, or press ? or * to list all spells.
Flames lash the adder.
You kill the adder!
Your Stealth skill increases to level 3!
Casting: Scorch (safe; 3% risk of failure)
Confirm with . or Enter, or press ? or * to list all spells.
Flames lash something.
Something hits you!
Unknown command.
Casting: Scorch (safe; 3% risk of failure)
Confirm with . or Enter, or press ? or * to list all spells.
Flames lash the goblin.
You kill the goblin!
Unknown command.
Casting: Scorch (safe; 3% risk of failure)
Confirm with . or Enter, or press ? or * to list all spells.
You conjure some foxfire!
Something hits you.
The foxfire hits something. x2
You see here 7 gold pieces.
A magic dart appears from out of thin air!
The magic dart hits you!
You die...

............# ######
............ .....##
..........# ......##
.........# .......#
#.)......# .......#
##....>...# .......#
##.${.....# †......#
#..######..#
.......#########@##
..........>##....#
.##.....##....####
##.####.##.......#
#..†#......#####.....
.#.#.####..# ###.
.###....#..#
#...####...#
#.##.(#.##.#######


There were no monsters in sight!

Vanquished Creatures
  A gnoll (D:1)
  2 adders (D:2)
  6 bats
  2 endoplasms (D:2)
  A giant cockroach (D:2)
  2 goblins
  5 hobgoblins
  4 quokkas (D:1)
  3 ball pythons
  3 kobolds (D:1)
  A rat (D:1)
30 creatures vanquished.

Vanquished Creatures (others)
  67 foxfires
67 creatures vanquished.

Grand Total: 97 creatures vanquished

Notes
Turn   | Place    | Note
-------+----------+-------------------------------------------
     0 | D:1      | hawla the Deep Elf Fire Elementalist began the quest for
                  | the Orb.
     0 | D:1      | Reached XP level 1. HP: 10/10 MP: 6/6
   293 | D:1      | Reached XP level 2. HP: 2/15 MP: 2/8
   296 | D:1      | Learned a level 2 spell: Scorch
  1240 | D:1      | Reached XP level 3. HP: 19/19 MP: 8/10
  1506 | D:2      | Reached skill level 4 in Fire Magic
  1604 | D:2      | Noticed Sigmund
  1615 | D:2      | Killed from afar by Sigmund

Illustrated notes

Levels and vault maps discovered:
D:1:      amcnicky_arrival_blooded_trapdoor, layout_basic
D:2:      minmay_diamond_boxcup, layout_rooms, basic_altar,
          minmay_pentomino_pile, uniq_crazy_yiuf_cottage, uniq_sigmund

Skill      XL: |  1  2  3 |
---------------+----------+-----
Fire Magic     | 4 |  4.1
Stealth        | 3 |  3.2
Fighting       | |  0.1
Dodging        | |  2.8
Spellcasting   | |  3.8
Conjurations   | |  1.4

Action                   || total
-------------------------++-------
Melee: Unarmed           ||     8
 Cast: Foxfire           ||    39
       Scorch            ||     7
  Use: Scroll            ||     3
Armor: Robe              ||     5
Dodge: Dodged            ||    16
